 Dungeon Crawl Stone Soup version 0.23.2-1-ga50397a (webtiles) character file.

Game seed: 11460223793641363784

87 Borgoz the Slasher (level 4, -8/37 HPs)
             Began as a Minotaur Gladiator on May 26, 2019.
             Mangled by a worm (9 damage)
             ... on level 2 of the Dungeon.
             The game lasted 00:00:59 (804 turns).

Borgoz the Slasher (Minotaur Gladiator)              Turns: 804, Time: 00:00:59

Health: -8/37      AC:  3    Str: 17 (20) XL:     4   Next: 28%
Magic:  3/3        EV: 13    Int:  4 (5)  God:
Gold:   41         SH:  0    Dex: 10 (11) Spells: 3/3 levels left

rFire    . . .     SeeInvis .   a - +0 long sword
rCold    . . .     Gourm    .   (no shield)
rNeg     . . .     Faith    .   b - +0 leather armour
rPois    .         Spirit   .   c - +0 hat
rElec    .         Reflect  .   (no cloak)
rCorr    .         Harm     .   (no gloves)
MR       .....                  (no boots)
Stlth    +.........             (no amulet)
HPRegen  0.12/turn              (no ring)
MPRegen  0.08/turn              (no ring)

@: no status effects
A: retaliatory headbutt, horns 2
a: no special abilities


You were on level 2 of the Dungeon.
You were not hungry.

You visited 1 branch of the dungeon, and saw 2 of its levels.

You collected 41 gold pieces.

Inventory:

Hand Weapons
 a - a +0 long sword (weapon)
Armour
 b - a +0 leather armour (worn)
 c - a +0 hat (worn)
Scrolls
 g - a scroll of enchant weapon {unknown}
 h - a scroll of teleportation {unknown}
 j - a scroll of fear {unknown}
Comestibles
 f - 3 rations
 k - 2 chunks of flesh


   Skills:
 - Level 2.4 Fighting
 * Level 5.1 Long Blades
 - Level 2.0 Throwing
 + Level 2.1 Armour
 + Level 4.0 Dodging


You had 3 spell levels left.
You didn't know any spells.
Your spell library was empty.

Dungeon Overview and Level Annotations

Branches:
Dungeon (2/15)

Altars:

Annotations:
D:2 Natasha


Innate Abilities, Weirdness & Mutations

You reflexively headbutt those who attack you in melee.
You have a pair of horns on your head.


Message History

Aim: Natasha You throw a throwing net.
The throwing net closely misses Natasha.
The throwing net barely misses the iron imp.
Natasha claws you.
* * * LOW HITPOINT WARNING * * *
Throwing (i - inventory)
d - a throwing net (quivered)
Press: ? - help, Shift-Dir - straight line, f/p - Natasha
Aim: Natasha You throw a throwing net.
The throwing net hits Natasha.
Natasha is caught in the net!
Natasha struggles against the net.
The worm bites you.
* * * LOW HITPOINT WARNING * * *
You slash Natasha!
Natasha is heavily wounded.
Natasha struggles against the net. x2
You hit Natasha.
Natasha is almost dead.
The worm bites you!
You die...

.. .# .# #.# .#
... ..... .#.#
... .
..########w##.#..
..(....5h@....>..
........##.##....
########........
#
#.........#.##..
#.........#.# .#
#.........#.# #
#...........#
#..........###
######.#......


You could see a worm, an iron imp and Natasha (caught).

Vanquished Creatures
  Natasha (twice) (D:2)
  2 adders (D:2)
  An ooze (D:1)
  A bat (D:1)
  2 giant cockroaches (D:1)
  A goblin (D:1)
  A hobgoblin (D:1)
  A ball python (D:1)
  4 frilled lizards
  4 kobolds
  A rat (D:1)
20 creatures vanquished.

Notes
Turn   | Place    | Note
-------+----------+-------------------------------------------
     0 | D:1      | Borgoz the Minotaur Gladiator began the quest for the Orb.
     0 | D:1      | Reached XP level 1. HP: 18/18 MP: 0/0
   344 | D:1      | Reached skill level 4 in Long Blades
   354 | D:1      | Reached XP level 2. HP: 21/25 MP: 1/1
   460 | D:1      | Reached skill level 1 in Armour
   724 | D:2      | Noticed Natasha
   728 | D:2      | Killed Natasha
   728 | D:2      | Reached XP level 3. HP: 27/30 MP: 2/2
   756 | D:2      | Noticed Natasha
   759 | D:2      | Killed Natasha
   759 | D:2      | Reached skill level 5 in Long Blades
   759 | D:2      | Reached XP level 4. HP: 28/37 MP: 3/3
   789 | D:2      | Noticed Natasha
   802 | D:2      | HP: 1/37 [worm (3)]
   804 | D:2      | Mangled by a worm

Skill      XL: |  1  2  3 |
---------------+----------+-----
Long Blades    | 4 5 |  5.1
Armour         | 1 2 |  2.1
Dodging        | 4 |  4.0
Fighting       | |  2.4
Throwing       | |  2.0

Action                   |  1- 3 |  4- 6 || total
-------------------------+-------+-------++-------
Melee: Long sword        |    33 |    18 ||    51
       Headbutt          |     9 |     2 ||    11
Throw: Throwing net      |       |     3 ||     3
  Use: Potion            |       |     2 ||     2
 Stab: Sleeping          |     1 |       ||     1
Armor: Leather armour    |     5 |     6 ||    11
Dodge: Dodged            |    28 |     9 ||    37
       Rpst.: Long sword |     9 |     2 ||    11
